 Dungeon Crawl Stone Soup version 0.30-a0-802-gb92711bcdf (webtiles) character file.

Game seed: 11264341828163989394

123854 jimonade the Bludgeoner (level 16, -4/174 HPs)
             Began as an Ogre Warper on Feb 24, 2023.
             Was a High Priest of Okawaru.
             Killed from afar by a deep elf knight (16 damage)
             ... with a shard of ice
             ... on level 2 of the Orcish Mines on Feb 25, 2023.
             The game lasted 01:53:20 (35268 turns).

jimonade the Bludgeoner (Ogre Warper)              Turns: 35268, Time: 01:53:20

Health: -4/174     AC: 40    Str: 19    XL:     16   Next: 91%
Magic:  24/26      EV:  5    Int: 11    God:    Okawaru [*****.]
Gold:   2579       SH:  0    Dex: 15    Spells: 17/28 levels left

rFire   + . .      SeeInvis .    a - +5 giant spiked club (protect)
rCold   + . .      Faith    +    (shield currently unavailable)
rNeg    . . .      Spirit   .    q - +10 gold dragon scales "Damnable Contraption" {rPois rF+ rC+ Int-5 Dex+3 Stlth+}
rPois   +          Reflect  .    n - +2 hat of Bright Miracles {Stlth+}
rElec   .          Harm     .    (no cloak)
rCorr   .          Rampage  .    (gloves unavailable)
Will    ++...                    (boots unavailable) Stlth
                                 e - amulet of faith
HPRegen 0.49/turn                h - +4 ring of slaying
MPRegen 0.20/turn                t - ring of willpower

@: heroic, finesse-ful, under a protective aura, slowed, very slow
A: large, unfitting armour, tough skin 1
a: Renounce Religion, Heroism, Finesse, Duel


You were on level 2 of the Orcish Mines.
You worshipped Okawaru.
Okawaru was extremely pleased with you.
You visited 6 branches of the dungeon, and saw 25 of its levels.
You also visited: Ice Cave.

You collected 2953 gold pieces.
You spent 374 gold pieces at shops.

Inventory:

Hand Weapons
 a - a +5 giant spiked club of protection (weapon)
 b - a +4 great mace of protection
 c - the +6 giant club of the Dark Horse {drain, rN+ rCorr}
   (Okawaru gifted it to you on level 3 of the Lair of Beasts)

   rN:        It protects you from negative energy.
   rCorr:     It protects you from acid and corrosion.
 F - the +5 flail of Jofux {elec, *Rage rElec rN+}
   (You found it on level 2 of the Dungeon)

   rElec:     It insulates you from electricity.
   rN:        It protects you from negative energy.
   *Rage:     It berserks you when you make melee attacks (+20% chance).
Armour
 m - the +1 shadow dragon scales of Honour {rPois Will- MP+9 Str+2 Stlth++++}
   (Okawaru gifted it to you on level 4 of the Lair of Beasts)

   Str:       It affects your strength (+2).
   rPois:     It protects you from poison.
   MP:        It affects your magic capacity (+9).
   Will:      It decreases your willpower.
   Stlth:     It makes you much more stealthy.
 n - the +2 hat of Bright Miracles (worn) {Stlth+}
   (Okawaru gifted it to you on level 5 of the Lair of Beasts)

   Stlth:     It makes you more stealthy.
 q - the +10 gold dragon scales "Damnable Contraption" (worn) {rPois rF+ rC+ Int-5 Dex+3 Stlth+}
   (You acquired it on level 9 of the Dungeon)

   Int:       It affects your intelligence (-5).
   Dex:       It affects your dexterity (+3).
   rF:        It protects you from fire.
   rC:        It protects you from cold.
   rPois:     It protects you from poison.
   Stlth:     It makes you more stealthy.
Magical Staves
 r - a staff of cold
Jewellery
 e - an amulet of faith (around neck)
 h - a +4 ring of slaying (left hand)
 i - the ring "Teogedez" {rF+ Str+2 Dex+6}
   (You found it in an ice cave)

   [ring of dexterity]

   Str:       It affects your strength (+2).
   Dex:       It affects your dexterity (+6).
   rF:        It protects you from fire.
 o - a ring of protection from cold
 t - a ring of willpower (right hand)
 A - the ring "Kahon" {rElec rN++ Str+6 Int-5 Stlth+}
   (You found it on level 5 of the Lair of Beasts)

   [ring of strength]

   Str:       It affects your strength (+6).
   Int:       It affects your intelligence (-5).
   rElec:     It insulates you from electricity.
   rN:        It greatly protects you from negative energy.
   Stlth:     It makes you more stealthy.
 C - a +4 ring of protection
 T - a ring of flight
 Z - the ring of Trepidation {rPois rCorr Dex+2 Stlth+}
   (You found it on level 14 of the Dungeon)

   [ring of poison resistance]

   Dex:       It affects your dexterity (+2).
   rPois:     It protects you from poison.
   rCorr:     It protects you from acid and corrosion.
   Stlth:     It makes you more stealthy.
Wands
 f - a wand of mindburst (10)
 w - a wand of light (17)
 y - a wand of flame (16)
 V - a wand of polymorph (11)
 X - a wand of roots (6)
Scrolls
 g - 4 scrolls of immolation
 j - 2 scrolls of poison
 k - 2 scrolls of identify
 l - 3 scrolls of enchant weapon
 u - 4 scrolls of teleportation
 v - 3 scrolls of vulnerability
 x - 3 scrolls of enchant armour
 H - 4 scrolls of fog
 K - a scroll of fear
 R - 3 scrolls of magic mapping
 S - 3 scrolls of amnesia
 U - 6 scrolls of blinking
 Y - a scroll of silence
Potions
 d - a potion of lignification
 p - 15 potions of curing
 z - 4 potions of magic
 B - 2 potions of resistance
 D - 3 potions of flight
 E - 2 potions of invisibility
 G - 3 potions of haste
 I - 4 potions of heal wounds
 J - 8 potions of brilliance
 L - 2 potions of mutation
 M - 4 potions of attraction
 N - 2 potions of ambrosia
 O - 3 potions of cancellation
 P - 2 potions of berserk rage
 Q - 2 potions of might
Miscellaneous
 s - a piece from Xom's chessboard (15/15)
 W - a tin of tremorstones (2/2)


   Skills:
 - Level 14.5(19.5) Fighting
 + Level 17.5(22.5) Maces & Flails
 + Level 1.1(6.1) Throwing
 * Level 11.0(16.0) Armour
 - Level 5.6(10.6) Dodging
 - Level 3.0(8.0) Stealth
 * Level 6.8 Spellcasting
 * Level 8.5 Translocations
 - Level 2.6 Ice Magic
 - Level 10.6 Invocations
 - Level 2.4 Evocations


You had 17 spell levels left.
You knew the following spells:

 Your Spells              Type           Power      Damage    Failure   Level
a - Blink                 Tloc           44%        N/A       41%         2
b - Lesser Beckoning      Tloc           44%        N/A       41%         2
c - Teleport Other        Tloc           22%        N/A       65%         3
d - Manifold Assault      Tloc           22%        N/A       96%         4

Your spell library contained the following spells:

 Spells                   Type           Power      Damage    Failure   Level
 Portal Projectile        Hex/Tloc       26%        N/A       99%         3
 Vhi's Electric Charge    Tloc/Air       26%        N/A       99%         3
 Kiss of Death            Conj/Necr      12%        2d6       100%        1
 Magic Dart               Conj           12%        1d3       100%        1
 Necrotise                Necr           12%        1d4       100%        1
 Shock                    Conj/Air       12%        1d3       100%        1
 Sting                    Tmut/Pois      12%        1d3       100%        1
 Cigotuvi's Dreadful Rot  Necr/Pois/Air  6%         N/A       100%        2
 Poisonous Vapours        Pois/Air       6%         N/A       100%        2
 Searing Ray              Conj           6%         2d4       100%        2
 Dazzling Flash           Conj/Hex       6%         N/A       100%        3
 Inner Flame              Hex/Fire       3%         N/A       100%        3
 Mephitic Cloud           Conj/Pois/Air  3%         N/A       100%        3
 Ozocubu's Armour         Ice            9%         N/A       100%        3
 Swiftness                Air            3%         N/A       100%        3
 Airstrike                Air            1%         2d(1-17)  100%        4
 Dispel Undead            Necr           3%         3d7       100%        4
 Flame Wave               Conj/Fire      3%         2d5       100%        4
 Fulminant Prism          Conj/Hex       1%         3d5       100%        4
 Iskenderun's Mystic Bla  Conj/Tloc      13%        2d5       100%        4
 Leda's Liquefaction      Hex/Erth       1%         N/A       100%        4
 Olgreb's Toxic Radiance  Pois           3%         N/A       100%        4
 Sticky Flame             Conj/Fire      3%         2d3       100%        4
 Agony                    Necr           3%         N/A       100%        5
 Lightning Bolt           Conj/Air       1%         1d12      100%        5
 Silence                  Hex/Air        1%         N/A       100%        5
 Starburst                Conj/Fire      1%         6d3       100%        6
 Ozocubu's Refrigeration  Ice            4%         4d8       100%        7
 Call Imp                 Summ           Unusable   N/A       N/A         2
 Call Canine Familiar     Summ           Unusable   N/A       N/A         3
 Summon Lightning Spire   Summ/Air       Unusable   N/A       N/A         4
 Summon Cactus Giant      Summ           Unusable   N/A       N/A         6

Dungeon Overview and Level Annotations

Branches:
Dungeon (15/15)            Temple (1/1) D:6            Lair (5/5) D:10
 Shoals (0/4) Lair:3       Spider (0/4) Lair:3        Slime (1/5) Lair:4
    Orc (2/2) D:12            Elf (1/3) Orc:2        Vaults (0/5) D:13
 Depths (0/4) D:15          IceCv (visited)

Altars:
Ashenzari
Cheibriados
Dithmenos
Elyvilon
Fedhas
Gozag
Hepliaklqana
Kikubaaqudgha
Makhleb
Nemelex Xobeh
Okawaru
Qazlal
Ru
Sif Muna
Trog
Uskayaw
Vehumet
Wu Jian
Xom
Yredelemnul
Zin
The Shining One
Jiyva

Shops:
D:3 !   D:4 :   Orc:1 *   Orc:2 !?:(

Portals:
Pandemonium: Orc:2

Annotations:
D:6 exclusion: downstairs
D:9 exclusion: obsidian statue
D:15 Louise


Innate Abilities, Weirdness & Mutations

You are too large for most types of armour.
You have tough skin. (AC +1)


Message History

The deep elf pyromancer gestures wildly while chanting.
The deep elf archer shoots an arrow.
The arrow hits you but does no damage. Something hits you but does no damage.
There is a staircase back to the Mines, spattered with blood here.
The +1 dire flail of protection hits you but does no damage.
Something hits you but does no damage.
The deep elf archer shoots an arrow.
The arrow hits you!
* * * LOW HITPOINT WARNING * * *
The +1 dire flail of protection hits you!
* * * LOW HITPOINT WARNING * * *
Something hits you.
* * * LOW HITPOINT WARNING * * *
The +4 glaive of freezing hits you from afar.
* * * LOW HITPOINT WARNING * * *
The +4 glaive of freezing freezes you.
* * * LOW HITPOINT WARNING * * *
The +1 dire flail of protection hits you but does no damage.
You climb upwards.
Welcome back to the Orcish Mines!
Reactivating autopickup.
There is a staircase to the Elven Halls here.
You start resting.
A +1 dire flail of protection is nearby!
You start resting.
A +1 dire flail of protection is nearby!
Unknown command.
Unknown command.
Unknown command.
You spit the +1 dire flail of protection like a pig!!!
Your weapon exudes an aura of protection.
The +1 dire flail of protection falls from the air.
Okawaru accepts your kill. Something hits you but does no damage.
Deactivating autopickup; reactivate with Ctrl-A.
Something hits you but does no damage. x2
You see here a +1 dire flail of protection.
You start resting.
You hear some strange, mumbled words.
A shard of ice appears from out of thin air!
The shard of ice hits you! You partially resist.
You die...

#################################
.#..#..#.......#.#......##.......
.................................
.................................
.................................
.................................
.................................
.................................
................@................
...............{>[)..............
.................................
.................................
.................[...............
...................[.............
.............##..[#.[............
............###..###.............
...........###..#####............


There were no monsters in sight!

Vanquished Creatures
  Saint Roka (Orc:2)
  Rupert (D:15)
  An orc warlord (Orc:2)
  The ghost of dolemite99 the Fighter, a journeyman DjFE of Gozag (Orc:2)
  Nessos (D:12)
  A white draconian (IceCv)
  2 fire dragons (D:14)
  Josephine (Orc:2)
  3 vault guards (D:13)
  2 ogre magi
  2 ice dragons (D:14)
  2 hydras
  4 centaur warriors
  A demonspawn (Orc:2)
  4 catoblepae
  2 boulder beetles
  6 two-headed ogres
  2 dancing weapons
  15 death yaks
  6 orc high priests (Orc:2)
  4 tengu warriors
  Urug (D:11)
  A soul eater (Orc:2)
  A skyshark (Lair:4)
  2 sun demons (Orc:2)
  A deep elf knight (Elf:1)
  Amaemon (D:9)
  A wolf spider zombie (D:15)
  9 orc knights
  2 wizards (D:15)
  2 deep elf zephyrmancers (Elf:1)
  Pikel (D:9)
  6 deep elf pyromancers
  A necromancer (D:15)
  18 ugly things
  8 orc sorcerers
  4 cyclopes
  6 manticores
  10 black mambas
  2 ice statues (IceCv)
  4 elephants (Lair:5)
  A torpor snail (Lair:3)
  A cane toad (shapeshifter) (D:14)
  8 cane toads
  2 demonic crawlers (D:11)
  An efreet (D:13)
  An orange demon (D:9)
  7 komodo dragons
  3 kobold demonologists
  2 centaur skeletons (D:15)
  10 rime drakes
  2 ice devils (D:12)
  3 unseen horrors
  7 trolls
  2 tengu conjurers
  2 hornets
  A polar bear (Lair:5)
  A wolf spider simulacrum (D:15)
  16 blink frogs
  4 dream sheep (Lair:3)
  14 slime creatures
  A ynoxinul (Orc:2)
  A jumping spider (Lair:3)
  2 shadows
  A fire bat (D:11)
  A vampire (D:9)
  9 wraiths
  91 yaks
  3 humans (D:13)
  4 wyverns
  3 basilisks
  A golden eye (Lair:4)
  2 vampire mosquitoes (D:13)
  2 wargs
  3 acid dragons
  Edmund (D:6)
  18 water moccasins
  49 orc warriors
  3 ice beasts
  A black bear (D:10)
  3 sky beasts (D:7)
  9 ogres
  6 wolves (Lair:2)
  19 centaurs
  A lemure (D:9)
  2 phantoms (D:4)
  2 kobold brigands
  8 bullfrogs
  A gnoll sergeant (D:5)
  7 scorpions
  10 wights
  12 killer bees
  3 lindwurm simulacra (IceCv)
  3 vampire bats (D:11)
  3 howler monkeys (D:8)
  2 hounds (D:5)
  2 gnoll boudas
  34 orc priests
  6 jellies
  8 komodo dragon simulacra (IceCv)
  22 orc wizards
  5 iguanas
  A boggart simulacrum (D:14)
  Robin (D:2)
  18 gnolls
  5 acid dragon simulacra (IceCv)
  5 adders
  A shadow imp (D:5)
  3 white imps
  2 ufetubi
  5 steam dragon simulacra (IceCv)
  7 worms
  A dart slug (D:3)
  125 orcs
  10 ball pythons
  15 endoplasms
  8 giant cockroaches
  17 goblins
  11 hobgoblins
  14 jackals
  11 kobolds
  4 quokkas
  12 bats
  4 frilled lizards
  9 rats
884 creatures vanquished.

Vanquished Creatures (others)
  2 orc wizards
  3 orcs
  45 fungi
  46 plants
96 creatures vanquished.

Grand Total: 980 creatures vanquished

Notes
Turn   | Place    | Note
-------+----------+-------------------------------------------
     0 | D:1      | jimonade the Ogre Warper began the quest for the Orb.
     0 | D:1      | Reached XP level 1. HP: 22/22 MP: 3/3
    58 | D:1      | Reached XP level 2. HP: 29/29 MP: 5/5
   190 | D:1      | Reached skill level 2 in Maces & Flails
   774 | D:2      | Reached XP level 3. HP: 36/36 MP: 6/6
   946 | D:2      | Learned a level 2 spell: Blink
   949 | D:2      | Learned a level 2 spell: Lesser Beckoning
  1050 | D:2      | Identified the +5 flail of Jofux {elec, *Rage rElec rN+}
  1789 | D:2      | Reached XP level 4. HP: 45/45 MP: 7/7
  2171 | D:3      | Noticed Robin
  2320 | D:3      | Found a faded altar of an unknown god.
  2587 | D:3      | Reached XP level 5. HP: 31/53 MP: 8/8
  2751 | D:2      | Killed Robin
  2752 | D:2      | Reached skill level 3 in Maces & Flails
  3121 | D:3      | Identified the +1 robe "Nuikip" {SInv}
  3371 | D:3      | Found Cakk's Distillery.
  3716 | D:4      | Reached XP level 6. HP: 54/62 MP: 9/9
  3818 | D:4      | Identified the +3 war axe "Qelyeb" {freeze, rF++ Int+4}
  3860 | D:4      | Reached skill level 1 in Stealth
  4274 | D:4      | Reached skill level 4 in Maces & Flails
  4320 | D:4      | Found Fahunas's Book Boutique.
  4392 | D:4      | Reached XP level 7. HP: 38/71 MP: 10/10
  4701 | D:5      | Entered Level 5 of the Dungeon
  4875 | D:4      | Reached skill level 5 in Maces & Flails
  5205 | D:5      | Reached skill level 5 in Fighting
  5205 | D:5      | Reached XP level 8. HP: 63/80 MP: 11/11
  5481 | D:5      | Reached skill level 6 in Maces & Flails
  5849 | D:5      | Learned a level 3 spell: Teleport Other
  6533 | D:6      | Reached skill level 5 in Translocations
  7037 | D:6      | Found a staircase to the Ecumenical Temple.
  7046 | Temple   | Entered the Ecumenical Temple
  7052 | Temple   | Became a worshipper of Warmaster Okawaru
  7250 | D:6      | Reached XP level 9. HP: 64/92 MP: 13/13
  7441 | D:6      | Noticed a deep elf pyromancer
  7479 | D:6      | Reached skill level 7 in Maces & Flails
  7527 | D:6      | Killed a deep elf pyromancer
  7527 | D:6      | Reached * piety under Okawaru
  7630 | D:6      | Noticed Edmund
  7652 | D:6      | Killed Edmund
  8178 | D:7      | Reached skill level 1 in Ice Magic
  8454 | D:7      | Reached ** piety under Okawaru
  9190 | D:7      | Reached skill level 8 in Maces & Flails
  9724 | D:7      | Reached skill level 5 in Dodging
 10228 | D:8      | Reached XP level 10. HP: 97/104 MP: 15/15
 11533 | D:8      | Found an opulent altar of Gozag.
 11755 | D:9      | Noticed an obsidian statue
 11938 | D:9      | Learned a level 4 spell: Manifold Assault
 12211 | D:9      | Noticed Pikel
 12446 | D:9      | Identified the +6 dagger of Blind Justice {heavy, rF- Str+3
                  | Int+2}
 12602 | D:9      | Reached *** piety under Okawaru
 12603 | D:9      | Reached skill level 1 in Invocations
 12909 | D:9      | Killed Pikel
 13015 | D:9      | Reached skill level 9 in Maces & Flails
 13080 | D:9      | Identified a scroll of acquirement
 13080 | D:9      | Acquired the +10 gold dragon scales "Damnable Contraption"
                  | {rPois rF+ rC+ Int-5 Dex+3 Stlth+}
 13205 | D:9      | Noticed Amaemon
 13211 | D:9      | Noticed an orange demon
 13225 | D:9      | Killed Amaemon
 13225 | D:9      | Reached **** piety under Okawaru
 13226 | D:9      | Reached skill level 1 in Armour
 13226 | D:9      | Reached XP level 11. HP: 76/115 MP: 16/16
 13479 | D:10     | Entered Level 10 of the Dungeon
 13540 | D:10     | Found a staircase to the Lair.
 13634 | D:10     | Received a gift from Okawaru
 13637 | D:10     | Reached skill level 10 in Maces & Flails
 13644 | D:10     | Reached ***** piety under Okawaru
 13782 | D:10     | Identified the +0 pair of boots of the New World {Will+}
 13808 | D:10     | Reached skill level 10 in Fighting
 13924 | D:10     | Received a gift from Okawaru
 14293 | D:10     | Found a sparkling altar of Nemelex Xobeh.
 14340 | D:10     | Reached skill level 5 in Invocations
 14457 | D:10     | Got the Catalogue of Calling and the Mortuary
 14624 | D:10     | Found a burning altar of Makhleb.
 14966 | D:7      | Got the Opusculum on Crystallized Striking
 15305 | Lair:1   | Entered Level 1 of the Lair of Beasts
 15589 | Lair:1   | Reached XP level 12. HP: 127/127 MP: 17/17
 15896 | Lair:1   | Found a glowing silver altar of Zin.
 16313 | Lair:1   | Received a gift from Okawaru
 16642 | Lair:2   | Reached skill level 11 in Maces & Flails
 16870 | Lair:2   | Reached skill level 5 in Armour
 17767 | Lair:3   | Reached ****** piety under Okawaru
 17810 | Lair:3   | Identified the +6 giant club of the Dark Horse {drain, rN+
                  | rCorr} (Okawaru gifted it to you on level 3 of the Lair of
                  | Beasts)
 17810 | Lair:3   | Received a gift from Okawaru
 17983 | Lair:3   | Found a hole to the Spider Nest.
 18037 | Lair:3   | Found a staircase to the Shoals.
 18895 | Lair:4   | Reached skill level 12 in Maces & Flails
 18924 | Lair:4   | Found a staircase to the Slime Pits.
 18924 | Lair:4   | Found a viscous altar of Jiyva.
 19010 | Lair:4   | Noticed a death yak
 19031 | Lair:4   | Killed a death yak
 19167 | Lair:4   | Noticed a death yak
 19167 | Lair:4   | Noticed a death yak
 19169 | Lair:4   | Noticed a death yak
 19199 | Lair:4   | Noticed a skyshark
 19208 | Lair:4   | Noticed a death yak
 19209 | Lair:4   | Killed a death yak
 19209 | Lair:4   | Identified the +4 dire flail of Usurping Painful Death
                  | {venom, Str+5} (Okawaru gifted it to you on level 4 of the
                  | Lair of Beasts)
 19209 | Lair:4   | Received a gift from Okawaru
 19210 | Lair:4   | Reached XP level 13. HP: 91/137 MP: 11/18
 19839 | Lair:4   | Identified the +1 shadow dragon scales of Honour {rPois
                  | Will- MP+9 Str+2 Stlth++++} (Okawaru gifted it to you on
                  | level 4 of the Lair of Beasts)
 19839 | Lair:4   | Received a gift from Okawaru
 20143 | Lair:5   | Entered Level 5 of the Lair of Beasts
 20166 | Lair:5   | Reached skill level 13 in Maces & Flails
 20314 | Slime:1  | Entered Level 1 of the Pits of Slime
 20314 | Slime:1  | Noticed an acid blob
 20314 | Slime:1  | Noticed an acid blob
 20821 | Lair:5   | Identified the ring "Kahon" {rElec rN++ Str+6 Int-5 Stlth+}
 20941 | Lair:5   | Received a gift from Okawaru
 21108 | Lair:5   | Identified the +3 giant spiked club of Skepticism {freeze,
                  | rPois rC+ Will+} (Okawaru gifted it to you on level 5 of
                  | the Lair of Beasts)
 21108 | Lair:5   | Received a gift from Okawaru
 21125 | Lair:5   | Reached XP level 14. HP: 127/150 MP: 20/20
 21794 | Lair:5   | Reached skill level 14 in Maces & Flails
 21795 | Lair:5   | Received a gift from Okawaru
 22065 | Lair:5   | Identified the +2 hat of Bright Miracles {Stlth+} (Okawaru
                  | gifted it to you on level 5 of the Lair of Beasts)
 22065 | Lair:5   | Received a gift from Okawaru
 23168 | D:11     | Identified the +1 leather armour "Ciemidy" {+Blink}
 23183 | D:11     | Noticed Urug
 23228 | D:11     | Killed Urug
 24256 | D:11     | Reached skill level 10 in Invocations
 24544 | D:12     | Identified the +0 fire dragon scales of Biocheupho {rElec
                  | rF++ rC- Slay+3 Stlth+} (Okawaru gifted it to you on level
                  | 12 of the Dungeon)
 24544 | D:12     | Received a gift from Okawaru
 24567 | D:12     | Found a frozen archway.
 24575 | D:12     | Reached skill level 15 in Maces & Flails
 24584 | IceCv    | Entered an ice cave
 25190 | IceCv    | Reached XP level 15. HP: 150/163 MP: 22/22
 25423 | IceCv    | Identified the ring "Teogedez" {rF+ Str+2 Dex+6}
 25929 | D:12     | Found a staircase to the Orcish Mines.
 25940 | D:12     | Reached skill level 1 in Evocations
 26392 | D:12     | Found a glowing golden altar of the Shining One.
 26502 | D:12     | Noticed Nessos
 26517 | D:12     | Killed Nessos
 27326 | D:13     | Found a gate to the Vaults.
 27414 | D:13     | HP: 8/165 [very large slime creature (10)]
 27424 | D:13     | HP: 4/165 [centaur warrior/arrow (9)]
 28190 | D:13     | Acquired a +5 spectral giant spiked club
 28288 | D:13     | Identified the +10 arbalest "Basail" {antimagic, rF+}
 29149 | D:14     | Identified the +2 hat of the True Pharaoh {rPois Will-
                  | Str+3 SInv} (Okawaru gifted it to you on level 14 of the
                  | Dungeon)
 29149 | D:14     | Received a gift from Okawaru
 29418 | D:14     | Identified the ring of Trepidation {rPois rCorr Dex+2
                  | Stlth+}
 29499 | D:14     | Found the +2 shield of Resistance {rF++ rC++ Will++}
 29501 | D:14     | Found a runed translucent door.
 29505 | D:14     | Found a runed translucent door.
 29771 | D:14     | Reached skill level 16 in Maces & Flails
 29974 | D:15     | Entered Level 15 of the Dungeon
 30352 | D:15     | Noticed Rupert
 30362 | D:15     | Killed Rupert
 30363 | D:15     | Reached skill level 10 in Armour
 30723 | D:15     | Reached XP level 16. HP: 153/174 MP: 24/24
 30729 | D:15     | Reached skill level 5 in Spellcasting
 31042 | D:15     | Found a staircase to the Depths.
 31642 | D:15     | Noticed Louise
 31746 | Orc:1    | Entered Level 1 of the Orcish Mines
 32100 | Orc:1    | Found Inuixyc's Assorted Antiques.
 32230 | Orc:2    | Entered Level 2 of the Orcish Mines
 32252 | Orc:2    | Noticed Josephine
 32270 | Orc:2    | Killed Josephine
 32688 | Orc:2    | Found a staircase to the Elven Halls.
 33001 | Orc:2    | Found Vaol's Distillery.
 33002 | Orc:2    | Found Ezetu's Magic Scroll Boutique.
 33217 | Orc:2    | Noticed Saint Roka
 33244 | Orc:1    | Reached skill level 17 in Maces & Flails
 33856 | Orc:2    | Killed Saint Roka
 34039 | Orc:2    | Found a runed translucent gate.
 34039 | Orc:2    | Found a runed translucent gate.
 34039 | Orc:2    | Found a runed translucent gate.
 34045 | Orc:2    | Noticed dolemite99's ghost (journeyman DjFE)
 34060 | Orc:2    | Killed dolemite99's ghost
 34069 | Orc:2    | Identified the ring "Cisucral" {rElec rCorr Str-3 Int+6
                  | Slay-6 Stlth+}
 34229 | Orc:2    | Identified the +2 robe "Sexysku" {rPois rN+} (Okawaru
                  | gifted it to you on level 2 of the Orcish Mines)
 34229 | Orc:2    | Received a gift from Okawaru
 35004 | Orc:2    | Found Biehiowuim's Antique Weapon Emporium.
 35004 | Orc:2    | Found a one-way gate leading to the halls of Pandemonium.
 35004 | Orc:2    | Found Quoghack's Book Shoppe.
 35059 | Orc:2    | Bought a twisted morningstar for 270 gold pieces
 35059 | Orc:2    | Identified the +1 morningstar of Action {flame, *Rage
                  | Will+++ Int-5 SInv} (You bought it in a shop on level 2 of
                  | the Orcish Mines)
 35115 | Orc:2    | Bought a scroll of brand weapon for 104 gold pieces
 35149 | Elf:1    | Entered Level 1 of the Elven Halls
 35268 | Orc:2    | Killed from afar by a deep elf knight

Illustrated notes

Levels and vault maps discovered:
D:1:      wander_arrival_lonely_grave, layout_loops_ring
D:2:      minmay_spotlight, layout_basic
D:3:      layout_basic, serial_shops,
          nicolae_shop_temple_entry_statues_fountains,
          hellmonk_ecumenical_altar_lost_god, kennysheep_generic_room_5,
          uniq_robin
D:4:      layout_loops_ring, serial_shops, kennysheep_mini_moat
D:5:      lemuel_ice_spiral_2, layout_rooms, dreamdust_wishing_well,
          minmay_misc_feat_room
D:6:      layout_cave_pools, temple_statues, minmay_misc_feat_tiny,
          minmay_three_doors, uniq_edmund
D:7:      layout_cave_pods, serial_park_tiny_2, chequers_avenue
D:8:      layout_rooms, nicolae_gozag_seed_capital
D:9:      layout_rooms, minivault_16, kennysheep_generic_room_7, uniq_pikel,
          uniq_amaemon
D:10:     layout_basic, mainiacjoe_overflow_big_doors,
          due_lair_maze_entry_diamond, dk_noncrumbling_2
D:11:     layout_roguey, special_room [special_room_orc],
          hangedman_parallel_progression, uniq_urug
D:12:     layout_rooms, hiddenorc2_lemuel, portal_ice_cave_demonic_guard,
          tso_oasis_becter, uniq_nessos
D:13:     layout_gridville, grunt_vaults_entry_fortified,
          minmay_sticks_and_stones
D:14:     layout_roguey, hangedman_abyss_or_decor_lesser_grid,
          minmay_guarded_unrand_resistance
D:15:     grunt_enter_depths_magical_seal, layout_rooms,
          serial_co_window_serial, co_window_corner_a, co_window_corner_a,
          co_window_corner_a, co_window_corner_a, co_window_corner_a,
          co_window_corner_a, co_window_corner_a, co_window_broadway_a,
          co_window_cross_2, co_window_of_opportunity_c, co_window_corner_cb,
          co_window_paths_d, co_window_4corner_a, glass_columns_b,
          glass_columns_c, lemuel_coloured_pillars_altar, uniq_rupert,
          uniq_louise, uniq_roxanne
Temple:   hellmonk_temple_of_storms
Lair:1:   layout_roguey, basic_altar
Lair:2:   layout_small_grid, lemuel_fruit_fields
Lair:3:   layout_cave_pods, minmay_shoals_entry_centaurs, spider_nest_entry_a,
          minivault_23, serial_bayou_shore_b
Lair:4:   beast_lair_carwin_large_4, layout_regular_city, slime_entry_1,
          nicolae_quartered_pool_impasse, grunt_megastairs_2
Lair:5:   evilmike_catoblepas_cave, layout_regular_city, serial_bayou_shore_b
Slime:1:  layout_caves
Orc:1:    layout_caves, serial_shops, nicolae_shop_hallway_stairs
Orc:2:    pf_orc_diabolical, layout_diamond_mine, ebering_ghost_rock_garden,
          basic_altar, uniq_josephine, uniq_saint_roka
Elf:1:    minmay_elf_arrival_summoners, layout_gridlike, minivault_28,
          minivault_8

Skill      XL: |  1  2  3  4  5  6  7  8  9 10 11 12 13 14 15 16 |
---------------+-------------------------------------------------+-----
Translocations | 3 4 5 6 7 8 |  8.5
Maces & Flails | 2 3 4 5 6 8 9 10 12 13 15 16 17 | 17.5
Fighting       | 3 4 5 6 7 9 10 11 12 14 | 14.5
Dodging        | 3 4 5 |  5.6
Stealth        | 1 2 3 |  3.0
Spellcasting   | 3 4 6 |  6.8
Ice Magic      | 1 2 |  2.6
Invocations    | 3 5 7 8 10 | 10.6
Armour         | 1 4 6 7 9 10 11 | 11.0
Evocations     | 2 |  2.4
Throwing       | |  1.1

Action                     |  1- 3 |  4- 6 |  7- 9 | 10-12 | 13-15 | 16-18 || total
---------------------------+-------+-------+-------+-------+-------+-------++-------
  Melee: Mace              |   112 |       |    58 |    11 |       |       ||   181
         Flail             |    34 |   116 |   171 |   183 |       |       ||   504
         Punch             |       |     3 |     3 |     6 |       |       ||    12
         Great mace        |       |       |       |   216 |   197 |   128 ||   541
         Demon whip        |       |       |       |    69 |       |       ||    69
         Giant club        |       |       |       |    55 |   714 |       ||   769
         Giant spiked club |       |       |       |       |   102 |   273 ||   375
   Cast: Lesser Beckoning  |       |       |     2 |       |       |       ||     2
         Teleport Other    |       |       |     4 |       |       |       ||     4
 Invoke: Heroism           |       |       |       |     9 |    27 |     9 ||    45
         Finesse           |       |       |       |     1 |    10 |     5 ||    16
    Use: Scroll            |       |     2 |    12 |    11 |    10 |     1 ||    36
         Potion            |       |       |       |       |     2 |     2 ||     4
   Stab: Sleeping          |     2 |     1 |     1 |     2 |       |       ||     6
         Distracted        |       |       |       |       |       |     1 ||     1
 Armour: Robe              |    67 |    33 |    45 |    14 |       |       ||   159
         Gold dragon scale |       |       |       |   486 |   871 |   427 ||  1784
  Dodge: Dodged            |    82 |    72 |   123 |    70 |   135 |    89 ||   571

Table legend: (Time is in decaauts)
 A = Elapsed time spent in this place.
 B = Non-inter-level travel time spent in this place.
 C = Inter-level travel time spent in this place.
 D = Time resting spent in this place.
 E = Time spent auto-exploring this place.
 F = Levels seen in this place.
 G = Mean time per level.
                   A        B        C        D        E       F      G
               +--------+--------+--------+--------+--------+-----+--------+
         Total |  35583 |  34149 |   1434 |   9899 |  13764 |  26 | 1368.6 |
       Dungeon |  23737 |  22699 |   1038 |   6663 |   9067 |  15 | 1582.5 |
        Temple |     44 |     38 |      6 |      0 |     20 |   1 |   44.0 |
          Lair |   7315 |   7038 |    277 |   1844 |   3162 |   5 | 1463.0 |
    Slime Pits |      1 |      1 |      0 |      0 |      0 |   1 |    1.0 |
  Orcish Mines |   3387 |   3276 |    111 |    963 |   1395 |   2 | 1693.5 |
   Elven Halls |     39 |     39 |      0 |      0 |      0 |   1 |   39.0 |
      Ice Cave |   1056 |   1056 |      0 |    429 |    120 |   1 | 1056.0 |
               +--------+--------+--------+--------+--------+-----+--------+

Top non-repeatable levels by time:
   Orc:2: 2621 daAuts
     D:7: 2608 daAuts
  Lair:5: 2177 daAuts
     D:5: 2066 daAuts
     D:8: 1996 daAuts
     D:2: 1885 daAuts
    D:13: 1778 daAuts
    D:11: 1718 daAuts
     D:9: 1711 daAuts
    D:15: 1679 daAuts
  Lair:4: 1594 daAuts
    D:12: 1540 daAuts
     D:3: 1334 daAuts
     D:6: 1291 daAuts
  Lair:3: 1207 daAuts
